AoeStats
← 从不压堡之人

Nomad

508424914Analyzed
4v4 RM · 10d ago on Sep 22, 2026· 32m 30s· 8 players
Game mode
Random Map
Map size
231×231
Population
200
Speed
Normal
Resources
Standard
Victory
Conquest
Starting age
Dark Age
Ending age
Imperial Age
RankedLock teamsTeams togetherTeam positionsShared explorationLock speedFull tech treeHidden civsTurbo modeCheats
Victory
Defeat
🇧🇷 Britons · Brazil
1078
+17
🇨🇳 Japanese · China
1078
+17
🇺🇸 Franks · United States
1068
+18
1033
+19
🇨🇳 Cumans · China
1119
-18
🇨🇳 Spanish · China
1098
-18
1058
-16
Dippy Eggs
11:20 Loom
13:14 Feudal Age
11:50 Loom
13:39 Feudal Age
15:34 Double-Bit Axe
18:21 Wheelbarrow
20:53 Castle Age
24:03 Hand Cart
TheLawRøcK®
16:10 Feudal Age
18:03 Wheelbarrow
17:14 Fishing Lines
21:22 Fletching
26:40 Castle Age
24:37 Gold Mining
27:04 Double-Bit Axe
27:58 Gold Shaft Mining
28:00 Hand Cart
28:38 Bodkin Arrow
29:45 Padded Archer Armor
人在阵地在
5:23 Loom
16:43 Feudal Age
28:15 Castle Age
26:59 Fletching
27:09 Padded Archer Armor
27:15 Scale Barding Armor
27:13 Double-Bit Axe
27:16 Horse Collar
27:56 Bloodlines
28:10 Gold Mining
29:11 Bodkin Arrow
29:44 Bow Saw
打帝国需要戴老花镜
6:42 Loom
14:01 Feudal Age
15:47 Town Watch
19:20 Castle Age
17:25 Horse Collar
17:39 Gold Mining
17:59 Padded Archer Armor
18:30 Fletching
19:36 Double-Bit Axe
21:07 Wheelbarrow
22:49 Leather Archer Armor
22:50 Bodkin Arrow
24:36 Thumb Ring
27:29 Medium Warships
从不压堡之人
6:56 Loom
15:24 Feudal Age
16:01 Double-Bit Axe
15:58 Fishing Lines
19:25 Castle Age
18:54 Wheelbarrow
20:29 Caravan
21:09 Bow Saw
21:45 Medium Warships
21:58 Clinker Construction
22:06 Forging
23:23 Iron Casting
23:27 Gillnets
24:20 Town Watch
25:27 Hand Cart
25:36 Ballistics
29:29 Imperial Age
28:00 Fervor
29:10 Town Patrol
29:52 Gold Mining
29:52 Stone Mining
29:46 Horse Collar
30:28 Sanctity
31:18 Chemistry
30:43 Guilds
31:26 Elite Cannon Galleon
32:31 Carvel Hull
32:56 Stone Shaft Mining
33:39 Two-Man Saw
洗心革面重新做人TownYan
14:10 Feudal Age
15:22 Double-Bit Axe
15:22 Fishing Lines
18:44 Castle Age
17:51 Gold Mining
17:51 Stone Mining
19:45 Bow Saw
19:16 Horse Collar
20:14 Treadmill Crane
20:28 Loom
21:20 Wheelbarrow
20:31 Town Watch
21:55 Stone Shaft Mining
21:46 Gillnets
22:29 Fortified Wall
23:18 Hand Cart
24:07 Fletching
24:40 Padded Archer Armor
24:57 Bodkin Arrow
26:11 Ballistics
26:16 Leather Archer Armor
我不是蓝精灵
4:30 Loom
13:53 Feudal Age
18:35 Wheelbarrow
18:02 Town Watch
20:23 Castle Age
18:17 Horse Collar
19:04 Double-Bit Axe
19:13 Stone Mining
20:46 Fletching
21:26 Hand Cart
21:35 Heavy Plow
21:50 Bow Saw
26:19 Gold Mining
31:33 Imperial Age
30:22 Gold Shaft Mining
29:52 Steppe Husbandry
30:06 Bloodlines
30:48 Ballistics
30:51 Thumb Ring
30:45 Bodkin Arrow
30:51 Padded Archer Armor
31:32 Forging
31:28 Scale Barding Armor
31:38 Cavalier
33:10 Iron Casting
33:51 Two-Man Saw
33:25 Crop Rotation
我说狂阿七比肥龙强,B站关注狂阿七谢谢喵
5:03 Loom
14:31 Feudal Age
15:07 Fishing Lines
15:13 Double-Bit Axe
18:07 Castle Age
16:12 Horse Collar
16:23 Gold Mining
18:52 Wheelbarrow
19:07 Medium Warships
19:16 Bow Saw
22:52 Gillnets
23:39 Caravan
23:36 Town Watch
24:10 Hand Cart
25:23 Careening
25:24 Clinker Construction
25:08 Stone Mining
25:56 Gold Shaft Mining
25:23 Heavy Plow
30:54 Imperial Age
28:31 Treadmill Crane
28:43 Fletching
31:14 Bodkin Arrow
32:05 Carvel Hull
32:05 Dry Dock
32:35 Guilds
32:15 Elite Cannon Galleon
33:19 Conscription
Connection lost

Rejoining the realm…

Still unreachable

The connection could not be restored.

Session expired

The server has moved on; the page needs a fresh start.